 Dungeon Sprint DCSS version 0.22.1-1-ga44c0e5 (webtiles) character file.

4617 doot the Imperceptible (level 10, -7/46 HPs)
             Began as a Spriggan Enchanter on Oct 9, 2018.
             Was the Champion of Jiyva.
             Shot with an arrow by a spriggan rider (28 damage)
             ... in the Dungeon (Sprint IV: "Fedhas' Mad Dash").
             The game lasted 00:09:33 (1480 turns).

doot the Imperceptible (Spriggan Enchanter)         Turns: 1480, Time: 00:09:33

Health: -7/46      AC:  1    Str:  5    XL:     10   Next: 19%
Magic:  21/26      EV: 24    Int: 17    God:    Jiyva [******]
Gold:   181        SH:  0    Dex: 19    Spells: 20/31 levels left

rFire    . . .     SeeInvis +   j - +4 dagger (flame)
rCold    . . .     Gourm    .   (shield restricted)
rNeg     + . .     Faith    .   b - +0 robe
rPois    .         Spirit   .   (helmet restricted)
rElec    .         Reflect  .   (no cloak)
rCorr    +         Harm     .   (gloves unavailable)
MR       +....     Clarity  +   (boots unavailable) Stlth ++++......NoTele +
                                c - amulet of invisibility {+Inv}
HPRegen  0.15/turn              l - ring of positive energy
MPRegen  0.20/turn              (no ring)

@: contaminated, glowing, very quick
A: very small, unfitting armour, see invisible, clarity, herbivore, speed 3,
slow metabolism 2, pseudopods 1, translucent skin 1
a: Request Jelly, Slimify, Cure Bad Mutation, Renounce Religion, Evoke
Invisibility


You were in the Dungeon.
You worshipped Jiyva.
Jiyva was exalted by your worship.
You were very full.

You visited 1 branch You collected 181 gold pieces.

Inventory:

Hand Weapons
 a - a +1 dagger
 j - a +4 dagger of flaming (weapon)
Armour
 b - a +0 robe (worn)
Magical Staves
 n - an uncursed staff of earth {unknown}
Jewellery
 c - the amulet of invisibility (around neck) {+Inv}
   (You found it in the Dungeon)

   [amulet of nothing]

   It lets you turn invisible.
 k - an uncursed amulet of regeneration
 l - a ring of positive energy (left hand)
Scrolls
 m - a scroll of remove curse
Potions
 e - a potion of curing
 f - a potion of heal wounds
 g - a potion of haste
 h - 2 potions of magic
 i - a potion of berserk rage
Comestibles
 d - 4 rations


   Skills:
 + Level 1.4 Fighting
 + Level 6.8 Short Blades
 + Level 7.5 Dodging
 + Level 22.6 Stealth
 + Level 11.2 Spellcasting
 + Level 13.3 Hexes
 + Level 1.9 Ice Magic
 + Level 8.8 Evocations


You had 20 spell levels left.
You knew the following spells:

 Your Spells              Type           Power        Failure   Level  Hunger
a - Tukima's Dance        Hex            ######..     1%          3    None
b - Ensorcelled Hibernat  Hex/Ice        #####.       1%          2    None
c - Confuse               Hex            ######..     1%          3    None
d - Dazzling Spray        Conj/Hex       ####..       1%          3    None

Your spell library contained the following spells:

 Spells                   Type           Power        Failure   Level  Hunger
 Confusing Touch          Hex            ######       1%          1    None
 Corona                   Hex            ######.      1%          1    None
 Animate Skeleton         Necr           N/A          8%          1    None
 Apportation              Tloc           #.....       8%          1    None
 Summon Small Mammal      Summ           #...         8%          1    None


Dungeon Overview and Level Annotations

Branches:
Dungeon (1/1)

Altars:
Cheibriados
Dithmenos
Elyvilon
Gozag
Hepliaklqana
Kikubaaqudgha
Makhleb
Nemelex Xobeh
Okawaru
Qazlal
Ru
Sif Muna
Trog
Uskayaw
Vehumet
Wu Jian
Xom
Yredelemnul
Zin
The Shining One
Beogh
Jiyva
Lugonu

Shops:
D [==[=}

Annotations:
D Agnes


Innate Abilities, Weirdness & Mutations

You are very small and have problems with some larger weapons.
You are too small for most types of armour.
You have supernaturally acute eyesight. (SInv)
You are a herbivore.
You cover ground extremely quickly.
You need to consume almost no food.
You possess an exceptional clarity of mind.
Armour fits poorly on your pseudopods.
Your translucent skin slightly reduces your foes' accuracy. (Stealth)


Message History

Anything else - Cancel.
Gang up on whom?
Press: ? - help, Dir - move target cursor, f - spriggan rider
Aim: a spriggan rider, wielding the +8 storm bow {elec} Attack!
The spriggan rider shoots an arrow.
The arrow barely misses your acid blob. The arrow hits your acid blob.
The spriggan rider shoots an arrow.
The arrow hits your acid blob!
You flicker back into view.
Your acid blob dissolves into a puddle of slime!
Your acid blob spits acid at the spriggan rider.
The splash of acid hits the spriggan rider.
The spriggan rider is splashed with acid.
The acid corrodes the spriggan rider!
The spriggan rider shoots an arrow.
The arrow hits your acid blob!!
Your acid blob dissolves into a puddle of slime!
The spriggan rider shoots an arrow.
The arrow misses you.
You start resting.
The spriggan rider shoots an arrow.
The arrow hits you!!
Ouch! That really hurt!
You die...

###################
#..'...#....##∩##.#
...#...#....').##.#
#..###'##...##∩#@.####
#..##∩∩.....#####....#
#################i..∩#
#####......###.....♣.#
'..'...i.(i((()..♣..∩#
#..#.P.....###########
##+##......#
#♣P♣######## #i..


You could see a spriggan rider.

Vanquished Creatures
  A spriggan druid (D)
  6 oklob plants (D)
  A queen bee (D)
  3 burning bushes (D)
  3 wandering mushrooms (D)
  2 scorpions (D)
  4 killer bees (D)
  4 oklob saplings (D)
  A worker ant (D)
  2 spriggans (D)
  A river rat (D)
  A rat (D)
29 creatures vanquished.

Vanquished Creatures (collateral kills)
  A demonic crawler (D)
  A hornet (D)
  A spriggan (D)
3 creatures vanquished.

Vanquished Creatures (others)
  A slime creature (D)
  A hornet (D)
  A spriggan (D)
  23 jellies (D)
  An oklob sapling (D)
  4 ballistomycetes (D)
  3 ballistomycete spores (D)
  2 bushes (D)
  3 fungi (D)
39 creatures vanquished.

Grand Total: 71 creatures vanquished

Notes
Turn   | Place    | Note
-------+----------+-------------------------------------------
     0 | D        | doot the Spriggan Enchanter began the quest for the Orb.
     0 | D        | Reached XP level 1. HP: 9/9 MP: 5/5
     8 | D        | Reached skill level 5 in Stealth
     8 | D        | Reached skill level 5 in Hexes
     8 | D        | Reached XP level 2. HP: 13/13 MP: 7/7
    21 | D        | Noticed an oklob sapling
    22 | D        | Killed an oklob sapling
    22 | D        | Reached skill level 7 in Stealth
    22 | D        | Reached XP level 3. HP: 16/16 MP: 9/9
    26 | D        | Learned a level 2 spell: Ensorcelled Hibernation
    30 | D        | Learned a level 3 spell: Confuse
    32 | D        | Found the amulet of invisibility {+Inv}
    33 | D        | Reached skill level 8 in Stealth
    67 | D        | Noticed an oklob sapling
    70 | D        | Killed an oklob sapling
    70 | D        | Reached skill level 9 in Stealth
    70 | D        | Reached XP level 4. HP: 21/21 MP: 7/11
    73 | D        | Found an opulent altar of Gozag.
    73 | D        | Found a hazy altar of Hepliaklqana.
    73 | D        | Found a roughly hewn altar of Beogh.
    73 | D        | Found a snail-covered altar of Cheibriados.
    74 | D        | Found a viscous altar of Jiyva.
    74 | D        | Found a burning altar of Makhleb.
    74 | D        | Found a sparkling altar of Nemelex Xobeh.
    74 | D        | Found a sacrificial altar of Ru.
    74 | D        | Found a deep blue altar of Sif Muna.
    74 | D        | Found a bloodstained altar of Trog.
    74 | D        | Found an ornate altar of the Wu Jian Council.
    74 | D        | Found a shimmering altar of Xom.
    74 | D        | Found a basalt altar of Yredelemnul.
    75 | D        | Found an iron altar of Okawaru.
    75 | D        | Found a glowing silver altar of Zin.
    75 | D        | Found a shadowy altar of Dithmenos.
    76 | D        | Found a hide-covered altar of Uskayaw.
    76 | D        | Found an ancient bone altar of Kikubaaqudgha.
    77 | D        | Found a stormy altar of Qazlal.
    77 | D        | Found a glowing golden altar of the Shining One.
    77 | D        | Found a white marble altar of Elyvilon.
    78 | D        | Found a radiant altar of Vehumet.
    78 | D        | Found a corrupted altar of Lugonu.
    81 | D        | Reached skill level 10 in Stealth
    81 | D        | Reached skill level 5 in Spellcasting
    81 | D        | Reached skill level 1 in Evocations
    84 | D        | Became a worshipper of Jiyva Jaifagad the Shapeless
   102 | D        | Reached * piety under Jiyva
   111 | D        | Reached ** piety under Jiyva
   121 | D        | Noticed a queen bee
   126 | D        | Killed a queen bee
   126 | D        | Reached skill level 5 in Dodging
   126 | D        | Reached skill level 13 in Stealth
   126 | D        | Reached XP level 5. HP: 25/25 MP: 10/14
   126 | D        | Reached XP level 6. HP: 29/29 MP: 11/16
   127 | D        | Reached skill level 14 in Stealth
   128 | D        | Reached skill level 10 in Hexes
   131 | D        | Reached XP level 7. HP: 32/32 MP: 13/18
   135 | D        | Noticed an oklob plant
   138 | D        | Killed an oklob plant
   138 | D        | Reached skill level 1 in Fighting
   138 | D        | Reached skill level 16 in Stealth
   138 | D        | Reached skill level 5 in Evocations
   142 | D        | Gained mutation: You are dopey. (Int -2) [mutagenic glow]
   298 | D        | Reached *** piety under Jiyva
   321 | D        | Reached skill level 17 in Stealth
   333 | D        | Found Habacria's Jewellery Shop.
   333 | D        | Found Reatzuavi's Armour Emporium.
   334 | D        | Gained mutation: You are partially covered in slimy green
                  | scales. (AC +2) [Jiyva's grace]
   334 | D        | Reached **** piety under Jiyva
   341 | D        | Noticed a wandering mushroom
   341 | D        | Noticed a burning bush
   343 | D        | Noticed a wandering mushroom
   564 | D        | Lost mutation: You are partially covered in slimy green
                  | scales. (AC +2) [Jiyva's grace]
   577 | D        | Reached XP level 8. HP: 30/37 MP: 15/20
   772 | D        | Noticed a burning bush
   781 | D        | Killed a burning bush
   786 | D        | Noticed a burning bush
   786 | D        | Noticed an oklob plant
   787 | D        | Noticed a wandering mushroom
   788 | D        | Killed a burning bush
   788 | D        | Reached skill level 18 in Stealth
   793 | D        | Killed an oklob plant
   793 | D        | Reached skill level 5 in Short Blades
   793 | D        | Reached skill level 19 in Stealth
   793 | D        | Reached skill level 1 in Ice Magic
   810 | D        | Killed a wandering mushroom
   810 | D        | Reached skill level 20 in Stealth
   810 | D        | Reached XP level 9. HP: 29/41 MP: 6/22
   821 | D        | Learned a level 3 spell: Tukima's Dance
   900 | D        | Lost mutation: You are dopey. (Int -2) [Jiyva's grace]
   903 | D        | Reached ***** piety under Jiyva
   907 | D        | Gained mutation: Armour fits poorly on your pseudopods.
                  | [Jiyva's grace]
   911 | D        | Noticed a spriggan druid
   912 | D        | Killed a spriggan druid
   912 | D        | Reached skill level 21 in Stealth
   914 | D        | Gained mutation: Your translucent skin slightly reduces
                  | your foes' accuracy. (Stealth) [Jiyva's grace]
   920 | D        | Reached ****** piety under Jiyva
   927 | D        | Noticed an oklob plant conjurer
   929 | D        | Killed an oklob plant conjurer
   932 | D        | Gained mutation: You expend magic power (3 MP) to
                  | strengthen your wands. [Jiyva's grace]
   971 | D        | Lost mutation: You expend magic power (3 MP) to strengthen
                  | your wands. [Jiyva's grace]
   988 | D        | Gained mutation: You possess an exceptional clarity of
                  | mind. [Jiyva's grace]
  1012 | D        | Killed a burning bush
  1014 | D        | Found Xuirom's Armour Emporium.
  1014 | D        | Found Qaerant's Jewellery Shoppe.
  1102 | D        | Noticed Agnes
  1105 | D        | Noticed an oklob plant
  1105 | D        | Noticed a demonic crawler
  1105 | D        | Noticed an oklob plant summoner
  1107 | D        | Noticed a spriggan berserker
  1129 | D        | Killed a demonic crawler
  1370 | D        | Noticed an oklob plant shifter
  1375 | D        | Killed an oklob plant
  1375 | D        | Reached skill level 22 in Stealth
  1375 | D        | Reached skill level 10 in Spellcasting
  1375 | D        | Reached XP level 10. HP: 45/45 MP: 19/25
  1378 | D        | Killed an oklob plant summoner
  1384 | D        | Killed an oklob plant shifter
  1415 | D        | Noticed a spriggan rider
  1416 | D        | Found Xughiqij's Jewellery Emporium.
  1438 | D        | Learned a level 3 spell: Dazzling Spray
  1441 | D        | Found Qetemyxa's Gadget Shoppe.
  1457 | D        | Noticed a spriggan rider
  1480 | D        | Shot with an arrow by a spriggan rider

Skill      XL: |  1  2  3  4  5  6  7  8  9 10 |
---------------+-------------------------------+-----
Stealth        | 5 7 9 13 14 17 20 22 | 22.6
Spellcasting   | 3 4 6 7 8 10 11 | 11.2
Hexes          | 5 6 7 9 10 11 12 13 | 13.3
Dodging        | 4 5 6 7 |  7.5
Short Blades   | 3 4 5 6 |  6.8
Evocations     | 3 4 5 8 |  8.8
Fighting       | 1 |  1.4
Ice Magic      | 1 |  1.9

Action                   |  1- 3 |  4- 6 |  7- 9 | 10-12 || total
-------------------------+-------+-------+-------+-------++-------
Melee: Dagger            |     5 |     6 |    35 |     9 ||    55
       Pseudopods        |       |       |     1 |       ||     1
 Cast: Ensorcelled Hiber |       |       |     2 |       ||     2
       Confuse           |       |       |    16 |     3 ||    19
       Tukima's Dance    |       |       |       |     1 ||     1
Invok: Slimify           |       |       |     1 |       ||     1
 Abil: Evoke Invisibilit |     1 |     1 |     2 |     1 ||     5
  Use: Scroll            |       |       |     4 |       ||     4
 Stab: Sleeping          |     5 |     6 |     9 |       ||    20
       Confused          |       |       |     7 |       ||     7
       Invisible         |       |       |     1 |     2 ||     3
Dodge: Dodged            |       |       |    15 |     9 ||    24
